MID
FORT WAYNE TINCAPS @ WEST MICHIGAN WHITECAPS
08/10/2099
 
TOP OF THE 1ST
Fort Wayne TinCaps batting - Pitching for West Michigan Whitecaps : RHP Josh Cannon
Pitching: RHP Josh Cannon
Batting: LHB J.J. Daugherty 0-0: Foul Ball, location: 2F
0-1: Ball
1-1: Foul Ball, location: 5FF
1-2: Ball
2-2: Strikes out swinging
Batting: RHB Jose Noriega 0-0: Called Strike
0-1: Foul Ball, location: 2F
0-2: Strikes out swinging
Batting: LHB Bill Narveson 0-0: Ball
1-0: Foul Ball, location: 5F
1-1: Fly out, F8 (Flyball, 8LXD, EV 98.1 MPH)
Top of the 1st over - 0 runs, 0 hits, 0 errors, 0 left on base; Fort Wayne 0 - West Michigan 0
BOTTOM OF THE 1ST
West Michigan Whitecaps batting - Pitching for Fort Wayne TinCaps : LHP Danny Abeyta
Pitching: LHP Danny Abeyta
Batting: RHB Logan Fore 0-0: Ball
1-0: Ball
2-0: Ball
3-0: Called Strike
3-1: Called Strike
3-2: Foul Ball, location: 3F
3-2: Foul Ball, location: 3FF
3-2: Base on Balls
Batting: RHB Juan Camargo 0-0: Foul Ball, location: 3F
0-1: Ball
1-1: Ball
2-1: DOUBLE (Line Drive, 7LS, EV 95.6 MPH)
Logan Fore to third
Batting: RHB Nate Deichler 0-0: Foul Ball, location: 9LMF
0-1: Swinging Strike
0-2: Ball
1-2: Strikes out swinging, 2-3 out at first.
Batting: RHB Alamen Jodlowski 0-0: Ball
1-0: Ball
2-0: Called Strike
2-1: Called Strike
2-2: SINGLE (Line Drive, 7LS, EV 93.8 MPH)
Logan Fore scores
Juan Camargo to third
Batting: SHB Casey Jones 0-0: Called Strike
0-1: Ball
1-1: TRIPLE (Flyball, 89XD, EV 108.8 MPH)
Juan Camargo scores
Alamen Jodlowski scores
Batting: RHB Erik Campbell 0-0: Foul Ball, location: 3DF
0-1: Swinging Strike
0-2: Strikes out swinging
Batting: SHB Ryan Larson 0-0: Called Strike
0-1: Swinging Strike
0-2: Strikes out swinging
Bottom of the 1st over - 3 runs, 3 hits, 0 errors, 1 left on base; Fort Wayne 0 - West Michigan 3
TOP OF THE 2ND
Fort Wayne TinCaps batting - Pitching for West Michigan Whitecaps : RHP Josh Cannon
Batting: LHB Mark Calhoun 0-0: Called Strike
0-1: Swinging Strike
0-2: Ball
1-2: Ball
2-2: Fly out, F8 (Line Drive, 78M, EV 101.9 MPH)
Batting: LHB Sam Cody 0-0: Swinging Strike
0-1: Foul Ball, location: 2F
0-2: Ground out 1-3 (Groundball, 23, EV 63.8 MPH)
Batting: RHB Elijah Hodge 0-0: Ball
1-0: Ball
2-0: Foul Ball, location: 2F
2-1: Ball
3-1: Foul Ball, location: 2F
3-2: Strikes out swinging
Top of the 2nd over - 0 runs, 0 hits, 0 errors, 0 left on base; Fort Wayne 0 - West Michigan 3
BOTTOM OF THE 2ND
West Michigan Whitecaps batting - Pitching for Fort Wayne TinCaps : LHP Danny Abeyta
Batting: RHB Brett McFarren 0-0: Called Strike
0-1: Foul Ball, location: 2F
0-2: Foul Ball, location: 2F
0-2: Strikes out looking
Batting: SHB Chris Shapiro 0-0: Called Strike
0-1: Foul Ball, location: 2F
0-2: Strikes out looking
Batting: RHB Logan Fore 0-0: Called Strike
0-1: Ball
1-1: Fly out, F7 (Flyball, 7D, EV 80.0 MPH)
Bottom of the 2nd over - 0 runs, 0 hits, 0 errors, 0 left on base; Fort Wayne 0 - West Michigan 3
TOP OF THE 3RD
Fort Wayne TinCaps batting - Pitching for West Michigan Whitecaps : RHP Josh Cannon
Batting: RHB Bryce Young 0-0: Ball
1-0: Foul Ball, location: 2F
1-1: Ball
2-1: Ball
3-1: Called Strike
3-2: Base on Balls
Batting: SHB Jason Barnett 0-0: Called Strike
0-1: Ball
1-1: Swinging Strike
1-2: Foul Ball, location: 5F
1-2: Ball
2-2: Strikes out looking
Batting: LHB Mike Ranieri 0-0: Swinging Strike
0-1: Swinging Strike
0-2: Ball
1-2: Strikes out looking
Batting: LHB J.J. Daugherty 0-0: Swinging Strike
0-1: Fly out, F9 (Flyball, 9S, EV 92.5 MPH)
Top of the 3rd over - 0 runs, 0 hits, 0 errors, 1 left on base; Fort Wayne 0 - West Michigan 3
BOTTOM OF THE 3RD
West Michigan Whitecaps batting - Pitching for Fort Wayne TinCaps : LHP Danny Abeyta
Batting: RHB Juan Camargo 0-0: Ball
1-0: Ball
2-0: Called Strike
2-1: Ball
3-1: Base on Balls
Batting: RHB Nate Deichler 0-0: Ball
1-0: Called Strike
1-1: Ball
2-1: Foul Ball, location: 2F
2-2: SINGLE (Line Drive, 56D, EV 106.3 MPH)
Juan Camargo to second
Batting: RHB Alamen Jodlowski 0-0: Called Strike
0-1: Ball
1-1: Foul Ball, location: 9LMF
1-2: Ball
2-2: Ball
3-2: Grounds into double play, 4-6-3 (Groundball, 4D, EV 102.5 MPH)
Juan Camargo to third
Batting: SHB Casey Jones 0-0: Called Strike
0-1: Called Strike
0-2: Ball
1-2: Ground out 5-3 (Groundball, 56, EV 103.8 MPH)
Bottom of the 3rd over - 0 runs, 1 hit, 0 errors, 1 left on base; Fort Wayne 0 - West Michigan 3
TOP OF THE 4TH
Fort Wayne TinCaps batting - Pitching for West Michigan Whitecaps : RHP Josh Cannon
Batting: RHB Jose Noriega 0-0: Ball
1-0: Foul Ball, location: 2F
1-1: Swinging Strike
1-2: Ball
2-2: Ball
3-2: Base on Balls
Batting: LHB Bill Narveson 0-0: Ball
1-0: Ball
2-0: Called Strike
2-1: Called Strike
2-2: Foul Ball, location: 2F
2-2: Foul Ball, location: 7LSF
2-2: Foul Ball, location: 25F
2-2: Ball
3-2: Hit by Pitch
Jose Noriega to second
Batting: LHB Mark Calhoun 0-0: Called Strike
0-1: Foul Ball, location: 5FF
0-2: Foul Ball, location: 2F
0-2: SINGLE (Line Drive, 34D, EV 95.6 MPH)
Jose Noriega to third
Bill Narveson to second
Batting: LHB Sam Cody 0-0: Ball
1-0: Ball
2-0: Ball
3-0: Base on Balls
Jose Noriega scores
Bill Narveson to third
Mark Calhoun to second
Batting: RHB Elijah Hodge 0-0: Foul Ball, location: 5F
0-1: Foul Ball, location: 3FF
0-2: Strikes out swinging
Batting: RHB Bryce Young 0-0: Ball
1-0: Ball
2-0: Foul Ball, location: 2F
2-1: Ball
3-1: Swinging Strike
3-2: Foul Ball, location: 25F
3-2: Strikes out swinging
Batting: SHB Jason Barnett 0-0: Ball
1-0: Swinging Strike
1-1: Called Strike
1-2: Ball
2-2: Strikes out swinging
Top of the 4th over - 1 run, 1 hit, 0 errors, 3 left on base; Fort Wayne 1 - West Michigan 3
BOTTOM OF THE 4TH
West Michigan Whitecaps batting - Pitching for Fort Wayne TinCaps : LHP Danny Abeyta
Batting: RHB Erik Campbell 0-0: Ball
1-0: Ball
2-0: Called Strike
2-1: Foul Ball, location: 9LDF
2-2: Strikes out looking
Batting: SHB Ryan Larson 0-0: Ball
1-0: Called Strike
1-1: Ball
2-1: Fly out, F7 (Flyball, 78S, EV 90.6 MPH)
Batting: RHB Brett McFarren 0-0: Called Strike
0-1: Ground out U3 (Groundball, 3S, EV 70.0 MPH)
Bottom of the 4th over - 0 runs, 0 hits, 0 errors, 0 left on base; Fort Wayne 1 - West Michigan 3
TOP OF THE 5TH
Fort Wayne TinCaps batting - Pitching for West Michigan Whitecaps : RHP Josh Cannon
Batting: LHB Mike Ranieri 0-0: Foul Ball, location: 25FF
0-1: Swinging Strike
0-2: Ball
1-2: Ground out 5-3 (Groundball, 5, EV 76.9 MPH)
Batting: LHB J.J. Daugherty 0-0: Called Strike
0-1: Ball
1-1: Ball
2-1: Ground out 5-3 (Groundball, 56, EV 88.1 MPH)
Batting: RHB Jose Noriega 0-0: Ball
1-0: Called Strike
1-1: Swinging Strike
1-2: Foul Ball, location: 2F
1-2: Ball
2-2: SINGLE (Line Drive, 7LS, EV 98.8 MPH)
Pitching: LHP Alex Ballesteros
Batting: LHB Bill Narveson 0-0: Ball
1-0: Called Strike
1-1: Swinging Strike
1-2: Strikes out looking
Top of the 5th over - 0 runs, 1 hit, 0 errors, 1 left on base; Fort Wayne 1 - West Michigan 3
BOTTOM OF THE 5TH
West Michigan Whitecaps batting - Pitching for Fort Wayne TinCaps : LHP Danny Abeyta
Batting: SHB Chris Shapiro 0-0: Ball
1-0: Bunt missed!
1-1: Called Strike
1-2: Foul Ball, location: 7LSF
1-2: Strikes out swinging
Batting: RHB Logan Fore 0-0: Called Strike
0-1: Ground out 3-1 (Groundball, 34, EV 88.1 MPH)
Batting: RHB Juan Camargo 0-0: Foul Ball, location: 5SF
0-1: Foul Ball, location: 5FF
0-2: Strikes out swinging
Bottom of the 5th over - 0 runs, 0 hits, 0 errors, 0 left on base; Fort Wayne 1 - West Michigan 3
TOP OF THE 6TH
Fort Wayne TinCaps batting - Pitching for West Michigan Whitecaps : LHP Alex Ballesteros
Batting: LHB Mark Calhoun 0-0: Ball
1-0: Foul Ball, location: 2F
1-1: Ball
2-1: Foul Ball, location: 3SF
2-2: Ball
3-2: Base on Balls
Pinch Hitting: RHB Art Groves 0-0: Ball
1-0: Ball
2-0: Ball
3-0: Called Strike
3-1: Foul Ball, location: 3SF
3-2: Ground out 6-3 (Groundball, P, EV 90.6 MPH)
Mark Calhoun to second
Batting: RHB Elijah Hodge 0-0: Ball
1-0: Ball
2-0: Ball
3-0: Base on Balls
Batting: RHB Bryce Young 0-0: Ball
1-0: Swinging Strike
1-1: Single, Error in OF, E8, batter to second base (Line Drive, 8RS, EV 104.4 MPH)
Mark Calhoun scores
Elijah Hodge to third
Pinch Hitting: RHB Alex Holguin 0-0: Ball
1-0: Called Strike
1-1: Ball
2-1: Foul Ball, location: 7LMF
2-2: Ball
3-2: Strikes out swinging
Pinch Hitting: LHB Danny Tellechea 0-0: Ball
1-0: Foul Ball, location: 2F
1-1: Ground out 5-3 (Groundball, 56, EV 106.3 MPH)
Top of the 6th over - 1 run, 1 hit, 1 error, 2 left on base; Fort Wayne 2 - West Michigan 3
BOTTOM OF THE 6TH
West Michigan Whitecaps batting - Pitching for Fort Wayne TinCaps : LHP Danny Abeyta
Now at C: Alex Holguin
Now at SS: Manny Torres
Now in LF: Art Groves
Batting: RHB Nate Deichler 0-0: Called Strike
0-1: Foul Ball, location: 2F
0-2: Fly out, F9 (Flyball, 9S, EV 88.8 MPH)
Pitching: RHP Blake Carpenter
Batting: RHB Alamen Jodlowski 0-0: Fly out, F9 (Flyball, 9LM, EV 80.6 MPH)
Batting: SHB Casey Jones 0-0: Called Strike
0-1: Ball
1-1: Ball
2-1: Called Strike
2-2: Ground out U3 (Groundball, 34S, EV 91.3 MPH)
Bottom of the 6th over - 0 runs, 0 hits, 0 errors, 0 left on base; Fort Wayne 2 - West Michigan 3
TOP OF THE 7TH
Fort Wayne TinCaps batting - Pitching for West Michigan Whitecaps : LHP Alex Ballesteros
Batting: LHB J.J. Daugherty 0-0: Called Strike
0-1: Ball
1-1: Swinging Strike
1-2: Ball
2-2: Ball
3-2: Foul Ball, location: 2F
3-2: SINGLE (Groundball, 4D, EV 106.9 MPH)
Batting: RHB Jose Noriega 0-0: Ball
1-0: Ball
2-0: Ball
3-0: Base on Balls
J.J. Daugherty to second
Batting: LHB Bill Narveson 0-0: Ball
1-0: Ball
2-0: Ball
3-0: Foul Ball, location: 7LSF
3-1: Base on Balls
J.J. Daugherty to third
Jose Noriega to second
Batting: LHB Mark Calhoun 0-0: Ball
1-0: Ball
2-0: SINGLE (Groundball, 34D, EV 91.3 MPH)
J.J. Daugherty scores
Jose Noriega to third
Bill Narveson to second
Pitching: RHP Joey Amaya
Batting: RHB Art Groves 0-0: Called Strike
0-1: Ball
1-1: Fly out, F8 (Flyball, 8LM, EV 88.8 MPH)
Runner from 3rd tags up, OUT at HOME! 8-2
Bill Narveson to third
Mark Calhoun to second
Batting: RHB Elijah Hodge 0-0: Called Strike
0-1: Ball
1-1: SINGLE (Line Drive, 34D, EV 93.8 MPH)
Bill Narveson scores
Mark Calhoun to third
Runner from 3rd tries for Home, SAFE, throw by RF to home
Elijah Hodge to second
Batting: RHB Bryce Young 0-0: Ball
1-0: Ball
2-0: Called Strike
2-1: Foul Ball, location: 9LMF
2-2: Foul Ball, location: 2F
2-2: Strikes out swinging
Top of the 7th over - 3 runs, 3 hits, 0 errors, 1 left on base; Fort Wayne 5 - West Michigan 3
BOTTOM OF THE 7TH
West Michigan Whitecaps batting - Pitching for Fort Wayne TinCaps : RHP Blake Carpenter
Batting: RHB Erik Campbell 0-0: Ball
1-0: Foul Ball, location: 2F
1-1: Foul Ball, location: 7LMF
1-2: Ball
2-2: Foul Ball, location: 9LDF
2-2: Strikes out swinging
Batting: SHB Ryan Larson 0-0: Ball
1-0: Foul Ball, location: 3F
1-1: Foul Ball, location: 23F
1-2: Foul Ball, location: 2F
1-2: Foul Ball, location: 3FF
1-2: Foul Ball, location: 23FF
1-2: Ball
2-2: Fly out, F7 (Flyball, 78M, EV 93.8 MPH)
Batting: RHB Brett McFarren 0-0: Called Strike
0-1: Ball
1-1: SINGLE (Line Drive, 9LS, EV 94.4 MPH)
Batting: SHB Chris Shapiro 0-0: Ball
1-0: Called Strike
1-1: Ball
2-1: Ball
3-1: Swinging Strike
3-2: Base on Balls
Brett McFarren to second
Pitching: RHP Cooper Meredith
Pinch Hitting: LHB Chris Visser 0-0: Ball
1-0: Ball
2-0: Called Strike
2-1: DOUBLE (Groundball, 3L, EV 101.9 MPH)
Brett McFarren scores
Chris Shapiro to third
Runner from 3rd tries for Home, SAFE, throw by RF to trailing runner, SAFE at third!
Batting: RHB Juan Camargo 0-0: SINGLE (Line Drive, 78S, EV 94.4 MPH)
Chris Visser scores
Batting: RHB Nate Deichler 0-0: Called Strike
0-1: Ball
1-1: Foul Ball, location: 2F
1-2: Ball
2-2: SINGLE (Groundball, 6MD, EV 102.5 MPH)
Juan Camargo to second
Runner from 2nd tries for 3rd, SAFE, throw by CF made to third
Batting: RHB Alamen Jodlowski 0-0: Called Strike
0-1: Foul Ball, location: 2F
0-2: Strikes out swinging
Bottom of the 7th over - 3 runs, 4 hits, 0 errors, 2 left on base; Fort Wayne 5 - West Michigan 6
TOP OF THE 8TH
Fort Wayne TinCaps batting - Pitching for West Michigan Whitecaps : RHP Joey Amaya
Now in LF: Ryan Larson
Now in RF: Scott Reech
Batting: RHB Alex Holguin 0-0: Ball
1-0: Ball
2-0: Ball
3-0: Called Strike
3-1: Foul Ball, location: 3FF
3-2: Base on Balls
Batting: RHB Manny Torres 0-0: Bunt missed!
0-1: Bunt missed!
0-2: Ball
Wild Pitch!
Alex Holguin to second
1-2: Strikes out swinging
Batting: LHB J.J. Daugherty 0-0: Ball
1-0: Called Strike
1-1: Ball
2-1: Swinging Strike
2-2: Strikes out looking
Batting: RHB Jose Noriega 0-0: Called Strike
0-1: Swinging Strike
0-2: Strikes out swinging
Top of the 8th over - 0 runs, 0 hits, 0 errors, 1 left on base; Fort Wayne 5 - West Michigan 6
BOTTOM OF THE 8TH
West Michigan Whitecaps batting - Pitching for Fort Wayne TinCaps : RHP Cooper Meredith
Batting: SHB Casey Jones 0-0: Called Strike
0-1: Ball
1-1: Fly out, F9 (Flyball, 9, EV 88.8 MPH)
Batting: RHB Erik Campbell 0-0: Ground out 5-3 (Groundball, 5S, EV 63.1 MPH)
Batting: SHB Ryan Larson 0-0: Called Strike
0-1: Swinging Strike
0-2: Strikes out swinging
Bottom of the 8th over - 0 runs, 0 hits, 0 errors, 0 left on base; Fort Wayne 5 - West Michigan 6
TOP OF THE 9TH
Fort Wayne TinCaps batting - Pitching for West Michigan Whitecaps : RHP Joey Amaya
Batting: LHB Bill Narveson 0-0: Ball
1-0: Foul Ball, location: 25FF
1-1: Foul Ball, location: 9LSF
1-2: Ball
2-2: Ball
3-2: SINGLE (Flyball, 8RXD, EV 110.6 MPH)
Pitching: RHP Matt McGhee
Batting: LHB Mark Calhoun 0-0: Foul Ball, location: 3FF
0-1: Ball
1-1: Ball
2-1: Foul Ball, location: 3FF
2-2: Fly out, F7 (Flyball, 78M, EV 92.5 MPH)
Batting: RHB Art Groves 0-0: SINGLE (Line Drive, 9LS, EV 99.4 MPH)
Bill Narveson to second
Batting: RHB Elijah Hodge 0-0: Grounds into double play, 6-4-3 (Groundball, 6, EV 82.5 MPH)
Top of the 9th over - 0 runs, 2 hits, 0 errors, 1 left on base; Fort Wayne 5 - West Michigan 6
Monday, May 13th , 2024 - OOTP Baseball 24.11 Build 85